Map: Winter Madness LE

Players

Clem

  • Race: Terran Terran

Reynor - Winner!

  • Race: Zerg Zerg

VOD

Have the link to the VOD?

Description

Time

  • Played on: Jan. 18, 2026, 12:12 a.m.
  • Length: 14:33
Show
View Real Time Build Order
Export as new Build Order

Clem Terran 

Build Orders: Reaper Expand, Hellion Banshee 

Get SALT Encoding   

  12  0:00  SCV  
  13  0:12  SCV  
  14  0:16  Supply Depot  
  14  0:24  SCV  
  15  0:38  SCV  
  15  0:39  Barracks  
  15  0:42  Refinery  
  16  0:50  SCV  
  17  1:02  SCV  
  18  1:14  SCV  
  19  1:26  Reaper, Orbital Command  
  20  1:38  Command Center  
  20  1:44  Supply Depot  
  20  1:51  SCV  
  21  1:58  Marine  
  22  2:04  SCV  
  22  2:08  Factory  
  23  2:16  SCV  
  23  2:19  Barracks Reactor  
  24  2:28  SCV  
  25  2:41  SCV  
  25  2:42  Command Center  
  27  2:52  Orbital Command  
  27  2:56  SCV  
  27  2:57  Starport  
  27  3:02  Refinery  
  27  3:08  Hellion  
  27  3:11  Hellion  
  27  3:12  SCV  
  32  3:17  Barracks Tech Lab  
  32  3:19  SCV  
  32  3:24  SCV  
  32  3:31  SCV  
  33  3:35  Hellion x2  
  33  3:36  SCV  
  38  3:43  SCV, Banshee  
  38  3:44  Marine  
  43  3:49  SCV  
  43  3:54  Orbital Command  
  44  3:55  Cloaking Field  
  44  3:57  SCV  
  44  4:01  SCV  
  46  4:03  Hellion  
  46  4:05  Hellion  
  46  4:08  Barracks Tech Lab  
  51  4:10  SCV  
  51  4:13  SCV  
  52  4:19  Supply Depot  
  52  4:20  SCV  
  52  4:22  SCV  
  54  4:26  Banshee  
  54  4:27  SCV  
  58  4:31  Barracks  
  58  4:32  Marine  
  58  4:35  SCV x2, Barracks  
  58  4:37  Factory Reactor  
  61  4:40  SCV  
  61  4:41  Supply Depot  
  61  4:43  Orbital Command  
  61  4:44  Refinery  
  62  4:47  Refinery, SCV  
  62  4:50  Stimpack  
  62  4:52  SCV  
  64  4:53  Marine  
  64  4:59  Engineering Bay x2, SCV  
  66  5:04  SCV  
  67  5:08  SCV  
  67  5:11  Marine, Supply Depot, SCV  
  70  5:18  Barracks, SCV  
  70  5:19  Barracks  
  71  5:22  Marine x2  
  71  5:27  Starport Reactor  
  71  5:28  Marine x2  
  70  5:29  Marine  
  70  5:31  SCV  
  70  5:34  Siege Tank  
  70  5:35  SCV  
  73  5:42  Marine  
  69  5:44  SCV  
  69  5:49  Supply Depot, SCV  
  71  5:52  SCV  
  71  5:56  SCV, Marine x2  
  74  5:58  Terran Infantry Weapons Level 1  
  74  6:01  Terran Infantry Armor Level 1  
  74  6:05  SCV  
  74  6:06  SCV  
  74  6:09  Medivac x2  
  74  6:10  SCV  
  81  6:12  Marine x2  
  81  6:17  Supply Depot  
  81  6:18  Barracks Reactor x2, Marine  
  80  6:20  SCV  
  80  6:22  Marine  
  80  6:23  SCV  
  80  6:25  Marine  
  85  6:26  SCV  
  85  6:30  Marine  
  85  6:32  SCV  
  86  6:33  Marine  
  86  6:35  SCV  
  86  6:36  Marine  
  86  6:38  SCV  
  84  6:42  Supply Depot  
  84  6:44  SCV  
  84  6:45  Marine  
  86  6:48  SCV, Marine  
  86  6:50  SCV, Medivac x2  
  86  6:52  Supply Depot  
  93  6:55  Marine x2  
  93  6:56  SCV  
  93  6:59  Marine x5  
  101  7:03  Marine  
  101  7:04  Supply Depot, SCV x2  
  101  7:07  Factory, Refinery  
  101  7:08  Siege Tank  
  107  7:09  SCV  
  107  7:12  Supply Depot, Marine  
  109  7:16  SCV x2  
  109  7:18  Marine  
  109  7:20  Marine x4  
  109  7:21  SCV  
  117  7:25  Marine  
  117  7:28  Armory  
  118  7:30  SCV  
  118  7:31  Marine, Supply Depot  
  118  7:34  Medivac x2  
  118  7:35  Marine  
  125  7:38  Supply Depot  
  125  7:39  Marine x2  
  125  7:40  Marine  
  129  7:46  Siege Tank  
  129  7:47  Marine  
  129  7:48  Supply Depot  
  133  7:51  Factory Reactor  
  133  7:52  Marine  
  133  7:56  Command Center  
  133  7:59  Combat Shield  
  133  8:02  Marine  
  133  8:05  Marine x3, Supply Depot  
  135  8:06  Marine  
  135  8:07  Marine  
  135  8:10  Medivac  
  135  8:11  Medivac  
  143  8:13  Marine x2  
  143  8:14  Marine  
  146  8:20  Marine  
  146  8:21  Widow Mine  
  146  8:22  Marine  
  146  8:23  Marine  
  146  8:26  Marine x2, Supply Depot  
  153  8:30  Widow Mine x2  
  150  8:39  Marine x4, Marauder  
  150  8:40  Medivac  
  158  8:42  Widow Mine  
  158  8:45  Medivac  
  162  8:51  Supply Depot, Terran Infantry Weapons Level 2, Marine  
  162  8:52  Marine  
  162  8:54  Widow Mine  
  162  8:55  Terran Infantry Armor Level 2  
  166  8:59  Supply Depot x2, Marine x2  
  166  9:00  Widow Mine  
  169  9:03  Marine x4  
  173  9:10  Widow Mine, Medivac  
  173  9:16  Marauder  
  150  9:17  Marine  
  150  9:18  Widow Mine  
  153  9:25  Widow Mine, Barracks  
  153  9:26  Barracks  
  153  9:27  Marine, Barracks  
  149  9:33  Planetary Fortress  
  149  9:35  SCV  
  149  9:37  Marine x5, Widow Mine  
  154  9:41  Marauder  
  156  9:49  Drilling Claws  
  157  9:53  Widow Mine x2  
  157  9:55  Medivac, Marine  
  157  9:56  Marine  
  157  9:57  Marine x4  
  157  10:00  Marine  
  157  10:02  Marauder  
  157  10:10  Medivac, Marine, Widow Mine  
  157  10:13  Marine x2  
  146  10:14  Marine x2  
  146  10:16  Barracks Tech Lab x2  
  145  10:22  Marine x2  
  145  10:23  Widow Mine, Marine  
  145  10:24  Marine  
  145  10:25  Medivac  
  145  10:27  Marine, SCV  
  145  10:28  Marine  
  156  10:29  Widow Mine  
  156  10:30  Terran Vehicle And Ship Armor Level 1  
  156  10:31  Marine x2  
  156  10:32  Refinery  
  156  10:34  Widow Mine, Marine  
  163  10:36  Marauder  
  163  10:37  SCV  
  166  10:45  Marine x2, Marauder  
  166  10:46  Marine  
  169  10:54  Command Center  
  169  10:55  Sensor Tower  
  167  10:59  Marine, Marauder x2  
  167  11:00  Widow Mine  
  167  11:02  Marine  
  167  11:03  Marine  
  176  11:07  Marauder  
  176  11:09  Ghost Academy, Medivac  
  176  11:10  Marine, Widow Mine  
  171  11:13  Widow Mine  
  171  11:14  Marine x3  
  171  11:17  Terran Infantry Weapons Level 3  
  161  11:24  Terran Infantry Armor Level 3, Marine  
  160  11:25  Marauder x2  
  160  11:27  Marine  
  160  11:32  Widow Mine  
  163  11:33  Marine x2, Marauder  
  163  11:35  Barracks Tech Lab  
  163  11:39  Marine  
  167  11:40  Widow Mine, Marine x2  
  167  11:42  Marine x2, Widow Mine  
  167  11:44  Marine  
  177  11:47  Marauder, Ghost  
  177  11:54  Ghost  
  177  11:57  Widow Mine  
  178  12:01  Widow Mine  
  178  12:02  Ghost  
  178  12:06  Marine x2  
  175  12:13  Widow Mine  
  175  12:14  Marine  
  168  12:18  Medivac  
  168  12:21  Marine x2, Widow Mine  
  168  12:22  Ghost  
  165  12:24  Command Center  
  165  12:27  Command Center  
  165  12:29  Marine  
  167  12:30  Widow Mine, Marine, Refinery  
  167  12:31  Marine  
  169  12:39  Widow Mine  
  169  12:41  Marine  
  172  12:45  Liberator  
  172  12:46  Missile Turret  
  172  12:48  Widow Mine  
  177  12:52  Ghost  
  177  12:58  Marine x3  
  173  12:59  Ghost  
  173  13:07  SCV  
  173  13:09  Refinery  
  173  13:10  Ghost  
  174  13:13  Marine x2  
  174  13:17  Widow Mine  
  178  13:21  Missile Turret  
  171  13:28  Marauder  
  171  13:29  Medivac  
  171  13:30  Widow Mine, Hellion  
  148  13:34  Marine  
  148  13:38  Marine x3, Marauder  
  144  13:42  Marine x3, Marauder  
  144  13:46  Orbital Command  
  144  13:47  Marine  
  144  13:48  Marauder  
  145  13:49  Marine  
  145  13:50  Widow Mine  
  145  13:54  Marine  
  146  13:56  Marine x3  
  146  14:00  Marine, Marauder  
  149  14:02  Widow Mine  
  149  14:03  Marauder  
  149  14:06  Marine x2  
  149  14:07  Marauder, Widow Mine  
Show
View Real Time Build Order
Export as new Build Order

Reynor Zerg - Winner!

Build Orders: Hatch First, Lurkers 

Get SALT Encoding   

  12  0:00  Drone  
  13  0:07  Drone  
  13  0:14  Extractor, Drone  
  13  0:21  Overlord  
  15  0:40  Drone  
  16  0:45  Hatchery  
  16  0:48  Drone  
  16  0:51  Drone  
  16  0:55  Drone  
  18  1:05  Extractor  
  18  1:11  Spawning Pool  
  16  1:14  Drone  
  16  1:17  Drone  
  18  1:26  Drone  
  19  1:37  Drone  
  20  1:47  Drone  
  21  1:57  Queen x2  
  21  1:58  Zergling x4  
  27  2:12  Overlord  
  27  2:13  Drone  
  28  2:17  Extractor  
  28  2:18  Drone  
  28  2:31  Drone x2  
  28  2:34  Drone  
  28  2:37  Queen  
  32  2:38  Extractor  
  32  2:39  Drone  
  32  2:41  Metabolic Boost  
  34  2:46  Overlord  
  34  2:50  Drone  
  34  2:52  Drone  
  34  2:55  Extractor  
  35  3:02  Overlord  
  35  3:05  Drone  
  36  3:10  Drone x2  
  38  3:13  Hatchery  
  38  3:15  Overlord  
  38  3:16  Drone x2  
  39  3:22  Queen  
  39  3:25  Drone  
  42  3:29  Drone  
  42  3:33  Drone  
  44  3:35  Queen  
  44  3:37  Drone  
  46  3:45  Zergling x2  
  47  3:48  Zergling x4  
  47  3:49  Zergling x2  
  47  3:55  Overlord  
  50  3:58  Queen  
  50  4:01  Drone  
  53  4:03  Drone x2  
  53  4:04  Drone  
  53  4:08  Overlord  
  56  4:10  Drone  
  56  4:11  Queen  
  59  4:19  Drone  
  59  4:21  Drone  
  61  4:25  Queen  
  61  4:26  Drone  
  61  4:28  Zergling x2  
  65  4:32  Zergling x10  
  65  4:33  Zergling x2  
  65  4:35  Lair  
  65  4:37  Drone x2  
  73  4:41  Overlord  
  73  4:45  Spore Crawler  
  72  4:46  Drone  
  72  4:48  Drone  
  72  4:52  Overlord  
  74  4:54  Spore Crawler  
  74  4:57  Drone  
  74  4:59  Drone  
  75  5:00  Drone  
  75  5:02  Drone  
  75  5:03  Drone  
  75  5:04  Drone  
  79  5:11  Drone x4  
  79  5:13  Spore Crawler  
  81  5:14  Hatchery  
  81  5:18  Drone x2  
  81  5:19  Baneling Nest, Extractor  
  80  5:21  Overlord  
  80  5:23  Drone x2  
  80  5:24  Drone  
  80  5:25  Drone  
  80  5:28  Drone  
  83  5:29  Overlord  
  83  5:30  Drone  
  83  5:33  Overlord  
  83  5:35  Drone  
  85  5:39  Zergling x4  
  85  5:41  Zergling x2  
  81  5:43  Overlord  
  81  5:45  Drone x2  
  81  5:47  Extractor  
  81  5:49  Drone x2, Evolution Chamber  
  81  5:50  Evolution Chamber  
  81  5:53  Drone x3  
  81  5:55  Overseer  
  83  6:00  Drone  
  83  6:02  Drone x2  
  83  6:03  Hatchery  
  85  6:05  Queen  
  85  6:10  Zergling x4  
  89  6:12  Zergling x2  
  89  6:18  Zergling x6  
  93  6:21  Overlord  
  93  6:23  Drone x3  
  93  6:24  Zerg Ground Armor Level 1, Zerg Melee Weapons Level 1  
  93  6:25  Drone x2  
  95  6:26  Drone  
  95  6:27  Drone  
  95  6:28  Drone  
  97  6:34  Drone  
  97  6:35  Drone  
  97  6:38  Drone  
  98  6:40  Drone x2  
  98  6:45  Centrifugal Hooks  
  98  6:46  Drone, Extractor  
  100  6:49  Drone x2  
  100  6:50  Drone x2  
  100  6:51  Zergling x8  
  100  6:52  Zergling x2  
  109  6:57  Queen  
  109  6:58  Zergling x6  
  109  7:00  Drone, Hatchery  
  114  7:01  Queen  
  116  7:08  Hydralisk Den  
  116  7:09  Zergling x6  
  116  7:10  Zergling x4  
  116  7:11  Overlord  
  116  7:12  Drone  
  116  7:13  Extractor  
  116  7:15  Spore Crawler  
  119  7:20  Overlord  
  119  7:21  Drone x3  
  119  7:22  Drone  
  121  7:23  Drone  
  121  7:24  Extractor, Zergling x2  
  121  7:25  Zergling x4, Hydralisk Den  
  121  7:27  Zergling x2  
  121  7:29  Zergling x10  
  129  7:31  Baneling x7  
  129  7:32  Zergling x2  
  129  7:35  Zergling x2  
  129  7:38  Drone x2  
  129  7:39  Zergling x2  
  129  7:43  Zergling x4  
  134  7:45  Drone x2  
  134  7:46  Drone  
  134  7:49  Spore Crawler, Zergling x8  
  134  7:50  Spore Crawler, Zergling x2  
  139  7:53  Spore Crawler  
  139  7:54  Grooved Spines, Spore Crawler  
  139  7:57  Hydralisk x3  
  143  7:59  Baneling x8  
  143  8:00  Drone  
  143  8:01  Drone x2  
  143  8:03  Overlord, Hydralisk  
  148  8:06  Extractor  
  148  8:09  Hydralisk  
  148  8:10  Zergling x4  
  148  8:12  Drone x2  
  153  8:14  Overlord  
  153  8:17  Hydralisk, Zergling x4  
  153  8:18  Zergling x4  
  153  8:19  Zergling x2  
  159  8:27  Zerg Ground Armor Level 2  
  159  8:31  Zergling x20  
  157  8:39  Extractor, Zerg Missile Weapons Level 1  
  157  8:40  Infestation Pit, Hydralisk  
  158  8:41  Zergling x16  
  163  8:50  Zergling x2  
  163  8:51  Zergling x12  
  163  8:52  Baneling x7  
  163  8:54  Drone x4  
  174  8:57  Muscular Augments  
  174  8:58  Hydralisk x2  
  174  8:59  Zergling x4  
  178  9:03  Overlord  
  178  9:08  Overlord  
  178  9:13  Zergling x22  
  178  9:14  Zergling x2, Hydralisk  
  160  9:22  Hydralisk  
  160  9:23  Zergling x8  
  162  9:27  Zergling x10  
  162  9:28  Zergling x4  
  163  9:33  Hatchery  
  163  9:37  Hive  
  162  9:39  Lurker Den  
  162  9:42  Burrow  
  162  9:43  Zergling x10  
  159  10:01  Baneling x9  
  152  10:10  Hydralisk, Zergling x6  
  152  10:11  Zergling x38  
  159  10:20  Hydralisk  
  156  10:23  Hydralisk  
  156  10:24  Zergling x4  
  156  10:27  Zergling x4, Overseer  
  160  10:32  Overseer  
  160  10:37  Zerg Missile Weapons Level 2  
  160  10:39  Baneling x8  
  160  10:40  Hydralisk x2, Zergling x6  
  167  10:43  Zergling x8  
  167  10:48  Hydralisk  
  172  10:54  Baneling x7  
  172  10:56  Overlord  
  170  10:58  Seismic Spines  
  170  11:00  Hydralisk  
  170  11:01  Zergling x22  
  170  11:03  Overlord  
  183  11:11  Hydralisk, Zergling x4  
  171  11:12  Zergling x8  
  171  11:13  Queen  
  167  11:27  Zergling x18  
  167  11:31  Hydralisk x2  
  167  11:32  Zergling x10  
  185  11:34  Baneling x9  
  184  11:42  Lurker  
  184  11:43  Lurker x4, Overlord  
  184  11:44  Baneling x6  
  184  11:45  Zergling x6  
  184  11:46  Zergling x8  
  196  11:51  Hydralisk  
  196  11:52  Zergling x2  
  193  11:55  Adaptive Talons  
  193  11:56  Hydralisk, Zergling x4  
  193  11:59  Zergling x2  
  193  12:00  Overlord  
  193  12:08  Lurker  
  193  12:09  Lurker x5  
  193  12:11  Zergling x6  
  193  12:18  Zergling x2  
  193  12:19  Zergling x18  
  193  12:21  Hydralisk  
  197  12:42  Baneling x10  
  197  12:46  Pneumatized Carapace, Overseer  
  197  12:50  Baneling x6  
  197  12:51  Baneling x3, Lurker x2  
  198  12:56  Spore Crawler  
  198  13:00  Zergling x6  
  198  13:16  Zergling x4  
  200  13:21  Spine Crawler  
  164  13:35  Lurker x5  
  164  13:38  Zergling x52  
  184  13:47  Hydralisk  
  179  13:50  Hydralisk  
  179  13:51  Hydralisk, Zergling x4  
  179  13:52  Hydralisk x2  
  179  13:53  Zergling x6  
  192  14:00  Hydralisk x3  
  192  14:02  Hydralisk x2  
  194  14:07  Hydralisk x5  
  194  14:08  Zergling x10  
  196  14:10  Zergling x2  
  196  14:11  Zergling x2  
Tags
 
Add a new tag
Caveats
  • Supply blocks, unpowered buildings, or Contaminate may cause inaccurate times.
  • Supply counts are checked every 10 seconds.